 Dungeon Crawl Stone Soup version 0.21.1-1-g345015f (webtiles) character file.

935 JeffiDaFish the Digger (level 8, -7/45 HPs)
             Began as a Gargoyle Earth Elementalist on Feb 6, 2018.
             Mangled by an orc warrior
             ... wielding a +0 mace
              (20 damage)
             ... on level 3 of the Dungeon.
             The game lasted 00:17:44 (3408 turns).

JeffiDaFish the Digger (GrEE)                       Turns: 3408, Time: 00:17:44

Health: -7/45      AC:  9    Str: 12    XL:     8   Next: 11%
Magic:  3/15       EV: 12    Int: 22    God:
Gold:   200        SH:  0    Dex: 10    Spells: 9/17 levels left

rFire    . . .     SeeInvis .   l - +4 whip
rCold    . . .     Gourm    .   (no shield)
rNeg     + . .     Faith    .   c - +1 robe
rPois    ∞         Spirit   .   (no helmet)
rElec    +         Reflect  .   k - +0 cloak
rCorr    .         Harm     .   (no gloves)
MR       .....                  (no boots)
Stlth    ++........             (no amulet)
HPRegen  0.15/turn              a - ring of wizardry
MPRegen  0.14/turn              (no ring)

@: no status effects
A: clever 2, negative energy resistance 1, screaming 1, electricity resistance,
unbreathing, petrification resistance, rot immunity, AC +5
a: no special abilities


You were on level 3 of the Dungeon.
You were hungry.

You visited 1 branch of the dungeon, and saw 4 of its levels.

You collected 200 gold pieces.

Inventory:

Hand Weapons
 l - a +4 whip (weapon)
Missiles
 b - 67 stones (quivered)
Armour
 c - a +1 robe (worn)
 k - a +0 cloak (worn)
Jewellery
 a - a ring of wizardry (left hand)
Scrolls
 g - 3 scrolls of identify
 h - a scroll of remove curse
Potions
 f - a potion of magic {unknown}
 i - a potion of heal wounds
 m - 4 potions of curing
Books
 e - a book of Geomancy

   Spells                             Type                      Level
   a - Sandblast                      Earth                        1
   b - Passwall                       Transmutation/Earth          2
   c - Stone Arrow                    Conjuration/Earth            3
   d - Petrify                        Transmutation/Earth          4
   e - Lee's Rapid Deconstruction     Earth                        5
Comestibles
 d - 3 rations
 j - 3 chunks of flesh


   Skills:
 + Level 2.9 Fighting
 + Level 2.8 Dodging
 - Level 2.1 Stealth
 * Level 5.0 Spellcasting
 + Level 3.0 Conjurations
 - Level 0.7 Transmutations
 * Level 7.4 Earth Magic


You had 9 spell levels left.
You knew the following spells:

 Your Spells              Type           Power        Failure   Level  Hunger
a - Sandblast             Erth           #####.       1%          1    None
b - Stone Arrow           Conj/Erth      ####..       1%          3    ##.....
c - Petrify               Tmut/Erth      ###.....     8%          4    ####...


Dungeon Overview and Level Annotations

Branches:
Dungeon (4/15)
 Temple: D:4-7

Altars:
Ru
Wu Jian
Yredelemnul


Innate Abilities, Weirdness & Mutations

You are resistant to torment.
Your stone body is resilient. (AC +5)
You are immune to poison.
You resist negative energy. (rN+)
You are resistant to electric shocks. (rElec)
You can survive without breathing.
You are immune to petrification.
You are immune to rotting.
Your mind is very acute. (Int +4)
You occasionally shout uncontrollably at your foes.


Message History

You don't know that spell.
You aren't carrying any items that you can evoke.
Okay, then.
You hit the orc warrior.
The orc warrior is severely wounded.
The orc warrior hits you with a mace.
An orc comes into view.
You hit the orc warrior but do no damage.
The orc warrior is severely wounded.
The orc warrior hits you but does no damage.
You barely miss the orc warrior.
The orc warrior is severely wounded.
The orc warrior hits you with a mace!
* * * LOW HITPOINT WARNING * * *
There is a stone staircase leading up here.
The orc warrior hits you but does no damage.
You climb upwards.
There is a stone staircase leading down here.
The orc warrior hits you with a mace!!
You die...

.......#####.#.....# #.
.......#.....#.....# ##
.......#.######....####
.......#.# #.......#
.......#.# #.....#.#
.......#.# #.......#
.......#.#
#....##.###########
.......#.#
##..o.##............
##.#####.#
#..@>###############
.....# #.# ######
####.###.# #.....#.#
#.#.#.#.# #.#.#.#.#
#.#...#.# #...#.#.#
####)#.#.##


You could see an orc warrior.

Vanquished Creatures
  Pikel (D:4)
  A slave (D:4)
  An ogre (D:4)
  A scorpion (D:4)
  A howler monkey (D:4)
  2 orc priests (D:4)
  An orc wizard (D:4)
  Natasha (twice) (D:3)
  3 gnolls
  7 adders
  An ooze (D:3)
  A worm (D:3)
  2 dart slugs
  4 leopard geckos
  6 orcs
  2 giant cockroaches (D:1)
  7 goblins
  7 hobgoblins
  2 jackals (D:2)
  A quokka (D:2)
  A ball python (D:4)
  5 bats
  7 frilled lizards
  A jackal skeleton (D:4)
  8 kobolds
  6 rats
81 creatures vanquished.

Notes
Turn   | Place    | Note
-------+----------+-------------------------------------------
     0 | D:1      | JeffiDaFish the Gargoyle Earth Elementalist began the quest for the Orb.
     0 | D:1      | Reached XP level 1. HP: 10/10 MP: 3/3
   135 | D:1      | Reached skill level 4 in Earth Magic
   190 | D:1      | Reached XP level 2. HP: 15/15 MP: 3/5
   932 | D:2      | Reached XP level 3. HP: 15/19 MP: 4/6
   976 | D:2      | Learned a level 3 spell: Stone Arrow
  1241 | D:2      | Reached skill level 5 in Earth Magic
  1241 | D:2      | Reached XP level 4. HP: 22/24 MP: 5/8
  1284 | D:2      | Found a basalt altar of Yredelemnul.
  1289 | D:2      | Gained mutation: Your mind is acute. (Int +2) [potion of mutation]
  1289 | D:2      | Gained mutation: You occasionally shout uncontrollably at your foes. [potion of mutation]
  1289 | D:2      | Gained mutation: Your mind is very acute. (Int +4) [potion of mutation]
  1387 | D:2      | Learned a level 4 spell: Petrify
  1638 | D:3      | Found an ornate altar of the Wu Jian Council.
  1718 | D:3      | Noticed Natasha
  1720 | D:3      | Killed Natasha
  1720 | D:3      | Reached XP level 5. HP: 20/28 MP: 6/9
  1993 | D:3      | Found a sacrificial altar of Ru.
  2358 | D:3      | Noticed Natasha
  2371 | D:3      | Killed Natasha
  2371 | D:3      | Reached skill level 1 in Fighting
  2371 | D:3      | Reached skill level 1 in Conjurations
  2679 | D:4      | Reached XP level 6. HP: 16/34 MP: 9/11
  2716 | D:4      | Reached skill level 6 in Earth Magic
  2885 | D:4      | Noticed a slave
  2887 | D:4      | Noticed Pikel
  2927 | D:4      | Killed a slave
  2946 | D:4      | Killed Pikel
  2946 | D:4      | Reached skill level 7 in Earth Magic
  2946 | D:4      | Reached XP level 7. HP: 33/40 MP: 0/14
  3214 | D:4      | Reached XP level 8. HP: 45/45 MP: 8/15
  3365 | D:4      | Reached skill level 5 in Spellcasting
  3408 | D:3      | Mangled by an orc warrior

Skill      XL: |  1  2  3  4  5  6  7  8 |
---------------+-------------------------+-----
Earth Magic    | 4 5 7 |  7.4
Spellcasting   | 3 4 5 |  5.0
Fighting       | 1 2 |  2.9
Conjurations   | 1 2 3 |  3.0
Dodging        | 2 |  2.8
Stealth        | |  2.1
Transmutations | |  0.7

Action                   |  1- 3 |  4- 6 |  7- 9 || total
-------------------------+-------+-------+-------++-------
Melee: Unarmed           |    22 |       |       ||    22
       Dagger            |    54 |    26 |       ||    80
       Whip              |       |    75 |    22 ||    97
 Cast: Sandblast         |    34 |    41 |     1 ||    76
       Petrify           |       |     2 |     2 ||     4
       Stone Arrow       |       |     3 |    10 ||    13
  Use: Scroll            |     6 |     4 |       ||    10
       Potion            |     3 |     3 |       ||     6
 Stab: Sleeping          |     1 |     4 |       ||     5
       Petrified         |       |     5 |    13 ||    18
  Eat: Chunk             |     1 |     6 |     2 ||     9
Armor: Robe              |    33 |    51 |     3 ||    87
Dodge: Dodged            |    55 |    68 |     1 ||   124
